 Dungeon Crawl Stone Soup version 0.31-a0-408-gb642c7f9a3 (webtiles) character file.

Game seed: 12896560227686892449

93613 floatRand the Brawler (level 15, -10/102 HPs)
             Began as a Black Draconian Shapeshifter on July 30, 2023.
             Was the Champion of Wu Jian.
             Mangled by Donald
             ... wielding a +3 double sword of holy wrath
              (38 damage)
             ... on level 1 of the Orcish Mines.
             The game lasted 00:37:13 (19420 turns).

floatRand the Brawler (DrSh)                       Turns: 19420, Time: 00:37:14

Health: -10/102    AC: 13    Str: 33    XL:     15   Next: 61%
Magic:  15/15      EV: 28    Int:  4    God:    Wu Jian [******]
Gold:   1685       SH:  9    Dex: 24    Spells: 14/14 levels left

rFire   . .          .
                       - Unarmed
rCold   + . .        t - +0 kite shield "Meoru" {rC+ Str+6 Dex+5}
rNeg    . . .        (body armour unavailable)
rPois   .            (helmet currently unavailable)
rElec   +            (cloak currently unavailable)
rCorr   .            (gloves currently unavailable)
SInv    .            (boots currently unavailable)
Will    +....        j - amulet of regeneration
Stlth   ++           S - +4 ring of protection
HPRegen 1.17/turn    J - ring of Limifo {EV+5 Str+7 Int-4 Dex+2 Slay+2}
MPRegen 0.14/turn

%: no passive effects
@: beast-form, marked, in a heavenly storm, flying, glowing
A: beast (slay +7), flying, breathe lightning, AC +9, unfitting armour, big
wings, electricity resistance, cold-blooded
a: Breathe Lightning, Begin Untransformation, Renounce Religion, Wall Jump,
Serpent's Lash, Heavenly Storm


You were on level 1 of the Orcish Mines.
You worshipped Wu Jian.
Wu Jian was exalted by your worship.
You were a hulking beast.
You visited 4 branches of the dungeon, and saw 23 of its levels.
You also visited: Sewer and Gauntlet.

You collected 1737 gold pieces.
You spent 52 gold pieces at shops.

Inventory:

Missiles
 U - 2 throwing nets
Armour
 h - a +1 pair of boots
 m - the +2 cloak of Logaozui {Harm Regen+ Str+2 Int-4}
   (You found it in a Gauntlet)

   Str:       It affects your strength (+2).
   Int:       It affects your intelligence (-4).
   Regen:     It increases your rate of health regeneration.
   Harm:      It increases damage dealt and taken.
 p - a +2 cloak of willpower
 q - a scarf of resistance
 t - the +0 kite shield "Meoru" (worn) {rC+ Str+6 Dex+5}
   (You acquired it on level 6 of the Dungeon)

   Str:       It affects your strength (+6).
   Dex:       It affects your dexterity (+5).
   rC:        It protects you from cold.
 O - a +1 hat
Jewellery
 i - a ring of protection from cold
 j - an amulet of regeneration (around neck)
 x - a ring of willpower
 y - a +5 ring of evasion
 J - the ring of Limifo (right hand) {EV+5 Str+7 Int-4 Dex+2 Slay+2}
   (You found it in a Gauntlet)

   [ring of evasion]

   EV:        It affects your evasion (+5).
   Str:       It affects your strength (+7).
   Int:       It affects your intelligence (-4).
   Dex:       It affects your dexterity (+2).
   Slay:      It affects your accuracy & damage with ranged weapons and melee
   (+2).
 N - a ring of fire
 S - a +4 ring of protection (left hand)
Talismans
 b - a beast talisman
 I - a blade talisman
Wands
 d - a wand of quicksilver (6)
 f - a wand of flame (36)
 o - a wand of polymorph (12)
 B - a wand of digging (8)
 D - a wand of paralysis (17)
Scrolls
 c - a scroll of immolation
 e - 3 scrolls of amnesia
 k - 3 scrolls of fog
 l - 4 scrolls of enchant weapon
 u - 7 scrolls of poison
 v - 5 scrolls of enchant armour
 F - 5 scrolls of teleportation
 G - 2 scrolls of revelation
 H - 2 scrolls of torment
 K - a scroll of brand weapon
 T - a scroll of fear
 V - a scroll of identify
Potions
 a - 2 potions of lignification
 g - 2 potions of ambrosia
 n - 4 potions of enlightenment
 r - 3 potions of curing
 s - 2 potions of brilliance
 z - 3 potions of mutation
 A - 2 potions of cancellation
 C - a potion of magic
 E - 2 potions of resistance
 L - a potion of heal wounds
 R - a potion of attraction
Miscellaneous
 w - a lightning rod (4/4)


   Skills:
 - Level 1.1 Fighting
 + Level 8.9 Dodging
 - Level 6.2 Stealth
 * Level 20.3 Unarmed Combat
 + Level 6.7 Evocations
 + Level 12.9 Shapeshifting


You had 14 spell levels left.
You didn't know any spells.
Your spell library contained the following spells:

 Spells                   Type           Power      Damage    Failure   Level
 Apportation              Tloc           0%         N/A       73%         1
 Sting                    Tmut/Pois      0%         1d3       73%         1
 Ensorcelled Hibernation  Hex/Ice        0%         N/A       86%         2
 Sublimation of Blood     Necr           0%         N/A       86%         2
 Wereblood                Tmut           0%         N/A       86%         2
 Frozen Ramparts          Ice            0%         1d1       97%         3
 Ignite Poison            Fire/Tmut/Pois 0%         N/A       97%         3
 Ozocubu's Armour         Ice            0%         N/A       97%         3
 Portal Projectile        Hex/Tloc       0%         N/A       97%         3
 Tukima's Dance           Hex            0%         N/A       97%         3
 Anguish                  Hex/Necr       0%         N/A       100%        4
 Animate Dead             Necr           0%         N/A       100%        4
 Cause Fear               Hex            0%         N/A       100%        4
 Iskenderun's Mystic Bla  Conj/Tloc      0%         2d3       100%        4
 Olgreb's Toxic Radiance  Pois           0%         N/A       100%        4
 Passage of Golubria      Tloc           0%         N/A       100%        4
 Petrify                  Tmut/Erth      0%         N/A       100%        4
 Summon Lightning Spire   Summ/Air       0%         N/A       100%        4
 Alistair's Intoxication  Tmut/Pois      0%         N/A       100%        5
 Fireball                 Conj/Fire      0%         3d3       100%        5
 Lee's Rapid Deconstruct  Erth           0%         3d4*      100%        5
 Metabolic Englaciation   Hex/Ice        0%         N/A       100%        5
 Yara's Violent Unravell  Hex/Tmut       0%         3d3       100%        5
 Conjure Ball Lightning   Conj/Air       0%         3x3d6     100%        6
 Eringya's Noxious Bog    Tmut/Pois      0%         4d6       100%        6
 Simulacrum               Ice/Necr       0%         N/A       100%        6
 Haunt                    Necr/Summ      0%         N/A       100%        7
 Summon Hydra             Summ           0%         N/A       100%        7
 Discord                  Hex            0%         N/A       100%        8
 Disjunction              Tloc           0%         N/A       100%        8
 Infestation              Necr           0%         N/A       100%        8
 Dragon's Call            Summ           0%         N/A       100%        9
 Animate Armour           Summ/Erth      Unusable   N/A       N/A         4

Dungeon Overview and Level Annotations

Branches:
Dungeon (15/15)            Temple (1/1) D:4            Lair (5/5) D:11
 Shoals (0/4) Lair:2       Spider (0/4) Lair:2        Slime (0/5) Lair:4
    Orc (2/2) D:12         Vaults (0/5) D:14         Depths (0/4) D:15
  Sewer (visited)         Gauntlet (visited)
    Elf: Orc:2

Altars:
Ashenzari
Cheibriados
Dithmenos
Elyvilon
Fedhas
Gozag
Hepliaklqana
Kikubaaqudgha
Makhleb
Nemelex Xobeh
Okawaru
Qazlal
Ru
Sif Muna
Trog
Uskayaw
Vehumet
Wu Jian
Xom
Yredelemnul
Zin
The Shining One
Jiyva

Shops:
D:1 !([(*   D:5 (   D:11 *

Annotations:
Lair:3 3 runed translucent doors, qborf's ghost, journeyman TrSh
Lair:5 1 runed translucent door, vineage's ghost, journeyman GrFi
Orc:1 Donald


Innate Abilities, Weirdness & Mutations

You are a hulking beast.
Your limbs bulge with bestial killing power. (Slay +7)
You are flying.
You can breathe wild blasts of lightning.
Your glossy black scales are hard. (AC +9)
You cannot fit into any form of body armour.
Your large and strong wings let you fly.
You are resistant to electric shocks. (rElec)
You are cold-blooded and may be slowed by cold attacks.


Message History

Unknown command.
Unknown command.
Donald blocks your attack. Donald barely misses you.
Unknown command.
Donald blocks your attack.
Donald says, "I've got a headache.
I hate that."
Donald casts a spell.
Donald seems to grow stronger.
You block Donald's attack.
Unknown command.
Okay, then.
Aiming: Paralyse
Press: ? - help, Shift-Dir - straight line, f - Donald
Aim: Donald, wielding a +3 double sword of holy wrath, wearing a +0 plate armour of fire resistance and wearing a +0 kite shield of reflection (fast, strong, reflecting blocked projectiles, chance to affect: 7%)
Okay, then.
You hit Donald but do no damage. You block Donald's attack.
Unknown command.
You punch Donald!
Donald is lightly wounded.
You block Donald's attack.
You pummel Donald!!
Donald is moderately wounded.
Donald hits you with a +3 double sword of holy wrath!!!
You hit Donald.
Donald is heavily wounded.
Donald says, "I hate complainers so much."
Donald hits you with a +3 double sword of holy wrath!!
Okay, then.
The air is filled with shimmering golden clouds!
Sifu Cai Fang says: The storm will not cease as long as you keep fighting, disciple!
Donald hits you with a +3 double sword of holy wrath!
* * * LOW HITPOINT WARNING * * *
You block Donald's attack.
You pummel Donald!!
Donald is severely wounded.
You block Donald's attack.
Unknown command.
Donald blocks your attack.
Donald is severely wounded.
Donald hits you with a +3 double sword of holy wrath!!!
You die...

#...##....#...#.## ###
###..##........##..####.###
##....###............##....###
#.....#.##.................... ##
##.)))...#....................
.#####.)..................#.##...
..#...........§§§§☼........#....#
.#............§☼☼§☼..............
........#.....☼§h§☼...........#..
....#...##....§§§@§...........#..
...##....#....§§§§§........#..##.
..........................##...#.
##....#.#..............#......###
#.....##..........[[)..##.##.###.
##.#...##.#............####### ##
####...####.##....[)...# #
##.#.##.........)..#####


You could see Donald (fast, strong, reflecting).

Vanquished Creatures
  Nessos (D:12)
  9 hydras
  An ogre mage (D:15)
  7 centaur warriors
  13 two-headed ogres
  2 boulder beetles
  3 catoblepae (Lair:5)
  An alligator (Lair:3)
  8 death yaks
  A vampire mage (D:15)
  A fire crab (Gauntlet)
  A wretched star (Gauntlet)
  Sonja (D:12)
  2 skeletal warriors (D:15)
  2 goliath frogs (Lair:3)
  2 harpies (Lair:2)
  Pikel (D:8)
  2 lindwurms (Lair:5)
  An orc knight (D:14)
  A deep elf zephyrmancer (D:14)
  A shadow dragon zombie (D:15)
  A necromancer (D:15)
  A sphinx zombie (D:15)
  2 deep elf pyromancers
  A wolf spider (Lair:2)
  4 ugly things
  6 manticores
  20 elephants
  7 black mambas
  An elephant (shapeshifter) (D:14)
  A cyclops (D:12)
  A cane toad (shapeshifter) (D:14)
  Maggie (D:6)
  10 cane toads
  2 molten gargoyles
  Psyche (D:8)
  13 rime drakes
  A yaktaur (D:15)
  11 komodo dragons
  2 trolls (Orc:1)
  3 hornets
  A polar bear (Lair:2)
  Grinder (D:6)
  28 blink frogs
  6 dream sheep (Lair:5)
  An ettin zombie (D:15)
  A culicivora (shapeshifter) (D:13)
  4 slime creatures (D:13)
  A culicivora (Lair:2)
  34 yaks
  13 basilisks
  14 wyverns
  9 fire bats
  A fire elemental (D:13)
  16 humans
  2 steam dragons
  4 hogs (D:9)
  2 neqoxecs (Gauntlet)
  2 redbacks (Lair:2)
  3 vampire mosquitoes (D:13)
  A tengu zombie (D:15)
  6 swamp worms (Lair:3)
  3 hell hounds (Gauntlet)
  3 acid dragons
  6 water moccasins
  10 orc warriors
  6 black bears
  2 sky beasts
  3 ice beasts
  2 swamp drakes (Lair:3)
  2 ogres
  12 wolves
  14 centaurs
  A phantom (D:7)
  3 kobold brigands
  13 bullfrogs
  A gnoll sergeant (D:9)
  2 scorpions
  3 wights (D:10)
  4 killer bees (D:7)
  5 howler monkeys
  2 electric eels
  A lava snake (D:13)
  3 hounds
  7 jellies
  A gnoll bouda (D:9)
  9 orc priests
  16 hell rats
  3 iguanas
  20 orc wizards
  2 sleepcaps
  14 gnolls
  10 adders
  3 river rats (Sewer)
  A white imp (D:6)
  6 worms
  3 dart slugs
  43 orcs
  13 endoplasms
  A giant cockroach (D:1)
  2 goblins
  11 hobgoblins
  20 kobolds
  6 quokkas
  9 ball pythons
  8 bats
  4 frilled lizards
  3 rats
616 creatures vanquished.

Vanquished Creatures (others)
  A yak (D:9)
  A human (D:14)
2 creatures vanquished.

Grand Total: 618 creatures vanquished

Notes
Turn   | Place    | Note
-------+----------+-------------------------------------------
     0 | D:1      | floatRand the Draconian Shapeshifter began the quest for
                  | the Orb.
     0 | D:1      | Reached XP level 1. HP: 16/16 MP: 1/1
   117 | D:1      | Reached XP level 2. HP: 16/23 MP: 2/2
   244 | D:1      | Found Uturghe's Weapon Shoppe.
   391 | D:1      | Found Poesog's General Store.
   544 | D:1      | Found Zuyrr's Weapon Shop.
   630 | D:1      | Found Ivaorref's Distillery.
   639 | D:1      | Bought a potion of degeneration for 12 gold pieces
   670 | D:1      | Found Ewedgh's Armour Shoppe.
   827 | D:2      | Reached XP level 3. HP: 28/28 MP: 3/3
   840 | D:2      | Got the Incunable of Filth
   899 | D:2      | Reached skill level 4 in Unarmed Combat
  1815 | D:3      | Found a snail-covered altar of Cheibriados.
  1995 | D:3      | Found the +4 robe of Augmentation {Str+4 Int+4 Dex+4}
  2316 | D:4      | Reached XP level 4. HP: 24/35 MP: 4/4
  2357 | D:4      | Noticed an ogre
  2368 | D:4      | an ogre changed into a naga
  2368 | D:4      | Noticed a naga
  2370 | D:4      | a naga changed into a wyvern
  2370 | D:4      | Noticed a wyvern
  2376 | D:4      | Killed a wyvern
  2377 | D:4      | Reached skill level 5 in Unarmed Combat
  2377 | D:4      | Reached XP level 5. HP: 37/40 MP: 5/5
  2790 | D:4      | Reached XP level 6. HP: 47/47 MP: 6/6
  2831 | D:4      | Reached skill level 6 in Unarmed Combat
  3154 | D:4      | Found a staircase to the Ecumenical Temple.
  3381 | Temple   | Entered the Ecumenical Temple
  3398 | Temple   | Became a worshipper of the Wu Jian Council
  3461 | D:5      | Entered Level 5 of the Dungeon
  3487 | D:4      | Your scales start taking on a glossy black colour.
  3487 | D:4      | Reached XP level 7. HP: 33/52 MP: 7/7
  3487 | D:4      | Gained mutation: You are resistant to electric shocks.
                  | (rElec) [Black Draconian growth]
  3560 | D:5      | Reached skill level 7 in Unarmed Combat
  3666 | D:5      | Reached skill level 5 in Shapeshifting
  3729 | D:5      | Found Jorghoz's Weapon Emporium.
  3948 | D:5      | Reached * piety under Wu Jian
  3963 | D:5      | Found a glowing drain.
  3988 | Sewer    | Entered a sewer
  4160 | Sewer    | Reached skill level 8 in Unarmed Combat
  4353 | Sewer    | Reached XP level 8. HP: 59/59 MP: 8/8
  4429 | Sewer    | Reached ** piety under Wu Jian
  4737 | D:6      | Noticed Grinder
  4754 | D:6      | Killed Grinder
  4842 | D:6      | Noticed a hornet
  4846 | D:6      | Killed a hornet
  4847 | D:6      | Reached skill level 9 in Unarmed Combat
  5032 | D:6      | Found a glowing silver altar of Zin.
  5101 | D:6      | Noticed Maggie
  5123 | D:6      | Killed Maggie
  5124 | D:6      | Reached skill level 10 in Unarmed Combat
  5124 | D:6      | Reached XP level 9. HP: 31/64 MP: 9/9
  5462 | D:6      | Identified a scroll of acquirement
  5462 | D:6      | Acquired the +0 kite shield "Meoru" {rC+ Str+6 Dex+5}
  5571 | D:7      | Found an opulent altar of Gozag.
  5729 | D:7      | Found a sacrificial altar of Ru.
  5798 | D:7      | Reached skill level 11 in Unarmed Combat
  5952 | D:7      | Reached *** piety under Wu Jian
  5969 | D:7      | Found a hide-covered altar of Uskayaw.
  5974 | D:7      | Found a shimmering altar of Xom.
  5976 | D:7      | Found a shimmering blue altar of Sif Muna.
  6178 | D:8      | Noticed Pikel
  6189 | D:8      | Killed Pikel
  6388 | D:8      | Reached skill level 12 in Unarmed Combat
  6557 | D:8      | Noticed Psyche
  6562 | D:8      | Killed Psyche
  6563 | D:8      | Reached XP level 10. HP: 59/71 MP: 7/10
  7292 | D:9      | Noticed a two-headed ogre
  7535 | D:9      | Found a stormy altar of Qazlal.
  7564 | D:9      | Killed a two-headed ogre
  7565 | D:9      | Reached skill level 13 in Unarmed Combat
  7605 | D:9      | Identified the +5 mace "Eddux" {heavy, rC- Int+4 Dex+3}
  7636 | D:9      | Noticed a two-headed ogre
  7644 | D:9      | Killed a two-headed ogre
  7707 | D:9      | Reached **** piety under Wu Jian
  7958 | D:10     | Entered Level 10 of the Dungeon
  8216 | D:10     | Reached skill level 14 in Unarmed Combat
  8216 | D:10     | Reached XP level 11. HP: 31/77 MP: 11/11
  8437 | D:10     | Noticed a brown ugly thing
  8438 | D:10     | Noticed a skeletal warrior
  8438 | D:10     | Noticed a six-headed hydra
  8447 | D:10     | Noticed an orc knight
  8447 | D:10     | Noticed an orc knight
  8447 | D:10     | Noticed a deep elf pyromancer
  8447 | D:10     | Noticed a boulder beetle
  8480 | D:10     | Noticed a death knight
  8520 | D:10     | Noticed a two-headed ogre
  8525 | D:10     | Killed a two-headed ogre
  8720 | D:11     | Noticed a two-headed ogre
  8726 | D:11     | Killed a two-headed ogre
  8808 | D:11     | Found Midiogh's General Store.
  8820 | D:11     | Bought a scroll of poison for 40 gold pieces
  9125 | D:11     | Noticed a boulder beetle
  9300 | D:11     | Noticed a two-headed ogre
  9365 | D:11     | Killed a two-headed ogre
  9366 | D:11     | Reached skill level 15 in Unarmed Combat
  9444 | D:11     | Killed a boulder beetle
  9444 | D:11     | Reached ***** piety under Wu Jian
  9541 | D:11     | Found a staircase to the Lair.
  9661 | D:12     | Noticed a deep elf pyromancer
  9669 | D:12     | Killed a deep elf pyromancer
  9684 | D:12     | Noticed a green ugly thing
  9697 | D:12     | Killed a green ugly thing
  9719 | D:12     | Found a gate leading to a gauntlet.
  9735 | Gauntlet | Entered a Gauntlet
  9735 | Gauntlet | Found a transporter.
  9738 | Gauntlet | Found a transporter.
  9739 | Gauntlet | Found a transporter.
  9740 | Gauntlet | Noticed a balrug
  9743 | Gauntlet | Found a transporter.
  9747 | Gauntlet | Found a transporter.
  9747 | Gauntlet | Found a transporter.
  9762 | Gauntlet | Found a transporter.
  9762 | Gauntlet | Noticed an orange crystal statue
  9763 | Gauntlet | Found a transporter.
  9789 | Gauntlet | Noticed a thrashing horror
  9941 | Gauntlet | Noticed a fire crab
  9944 | Gauntlet | Found a transporter.
  9964 | Gauntlet | Found a transporter.
  9966 | Gauntlet | Found a transporter.
  9968 | Gauntlet | Noticed a wretched star
  9977 | Gauntlet | Found a transporter.
 10013 | Gauntlet | Killed a wretched star
 10014 | Gauntlet | Reached skill level 10 in Shapeshifting
 10041 | Gauntlet | Identified the ring of Limifo {EV+5 Str+7 Int-4 Dex+2
                  | Slay+2}
 10097 | Gauntlet | Killed a fire crab
 10098 | Gauntlet | Reached skill level 16 in Unarmed Combat
 10098 | Gauntlet | Reached XP level 12. HP: 11/83 MP: 12/12
 10174 | Gauntlet | Identified the +2 cloak of Logaozui {Harm Regen+ Str+2
                  | Int-4}
 10194 | Gauntlet | Noticed a minotaur
 10226 | Gauntlet | Identified the staff "Adirchag" {rElec rCorr Air}
 10226 | Gauntlet | Identified the staff of Abuse {rC+ rN++ Str-4 Ice}
 10226 | Gauntlet | Identified the staff "Henor" {rElec rPois rC+ Int+3 Poison}
 10474 | D:12     | Noticed Sonja
 10477 | D:12     | Killed Sonja
 10536 | D:12     | Noticed Nessos
 10544 | D:12     | Killed Nessos
 10560 | D:12     | Found a staircase to the Orcish Mines.
 10817 | Lair:1   | Entered Level 1 of the Lair of Beasts
 10883 | Lair:1   | Reached skill level 1 in Stealth
 11297 | Lair:1   | Reached skill level 17 in Unarmed Combat
 11603 | Lair:2   | Found a staircase to the Shoals.
 11887 | Lair:2   | Reached XP level 13. HP: 89/89 MP: 13/13
 12370 | Lair:2   | Found a hole to the Spider Nest.
 12373 | Lair:2   | Reached ****** piety under Wu Jian
 12651 | Lair:3   | Reached skill level 5 in Dodging
 12655 | Lair:3   | Reached skill level 5 in Stealth
 12755 | Lair:3   | Noticed qborf's ghost (journeyman TrSh)
 12755 | Lair:3   | Found a runed translucent gate.
 12756 | Lair:3   | Found a runed translucent gate.
 12759 | Lair:3   | Found a runed translucent gate.
 12899 | Lair:3   | Reached skill level 18 in Unarmed Combat
 14071 | Lair:4   | Reached skill level 1 in Evocations
 14072 | Lair:4   | Gained mutation: Your large and strong wings let you fly.
                  | [Black Draconian growth]
 14072 | Lair:4   | Reached XP level 14. HP: 84/96 MP: 14/14
 14294 | Lair:4   | Found a viscous altar of Jiyva.
 14294 | Lair:4   | Found a staircase to the Slime Pits.
 14418 | Lair:4   | Identified the +10 quarterstaff "Iseesul" {freeze, rPois
                  | Will+ Int+4}
 14567 | Lair:5   | Entered Level 5 of the Lair of Beasts
 14634 | Lair:5   | Found a runed translucent door.
 14634 | Lair:5   | Found a shimmering altar of Xom.
 14634 | Lair:5   | Noticed vineage's ghost (journeyman GrFi)
 14915 | Lair:5   | Reached skill level 19 in Unarmed Combat
 16350 | Lair:5   | Identified the +8 trident "Vunec" {antimagic, rPois Will+
                  | Str-2 Stlth+}
 16601 | D:13     | Reached skill level 5 in Evocations
 16759 | D:13     | Found a sparkling altar of Nemelex Xobeh.
 16856 | D:13     | Reached XP level 15. HP: 102/102 MP: 15/15
 17175 | D:14     | Found a gate to the Vaults.
 17788 | D:15     | Entered Level 15 of the Dungeon
 17821 | D:15     | Reached skill level 20 in Unarmed Combat
 17990 | D:15     | Found a staircase to the Depths.
 18129 | D:15     | HP: 3/102 [yaktaur/bolt (16)]
 18987 | Orc:1    | Entered Level 1 of the Orcish Mines
 19404 | Orc:2    | Entered Level 2 of the Orcish Mines
 19404 | Orc:2    | Noticed Donald
 19420 | Orc:1    | Mangled by Donald

Illustrated notes

Levels and vault maps discovered:
D:1:      ncdulo_watergridlock, layout_basic, serial_shops,
          nicolae_shop_tiny_real_fake_doors, nicolae_shop_tiny_statue_garden,
          nicolae_shop_peninsula, nicolae_lakefront_shop,
          nicolae_shop_statue_plus, minmay_pentomino_u2
D:2:      layout_basic, serial_rivers, chequers_serial_rivers_marsh,
          chequers_serial_rivers_room_b, chequers_serial_rivers_micro_a,
          chequers_serial_rivers_large_a, chequers_serial_rivers_small_a
D:3:      layout_basic, lemuel_crystal_altar, grunt_decor_resistance
D:4:      layout_loops_ring, minmay_temple_entry_nine_rooms, serial_forest,
          infiniplex_forest_clump_tiny, infiniplex_forest_clump_cross,
          infiniplex_forest_straight_4, infiniplex_forest_clump_diagonal,
          infiniplex_forest_zigzag_2, infiniplex_forest_clump_small,
          infiniplex_forest_corner_1, minmay_puff
D:5:      layout_cave_pools, serial_shops, nicolae_stop_n_shop_1,
          cheibrodos_sewer_entry_bend
D:6:      layout_gridville, mainiacjoe_overflow_alcove_4, uniq_maggie,
          uniq_grinder
D:7:      layout_loops_cross, mainiacjoe_overflow_surrounded_room,
          nicolae_overflow_macrodata_refinement, glass_columns_a
D:8:      layout_loops_corners, uniq_pikel, uniq_psyche
D:9:      layout_long_grid, nicolae_qazlal_scattered_showers, grunt_livestock
D:10:     layout_irregular_city, minivault_12
D:11:     layout_roguey, grunt_lair_entry_orc_guard_hut, serial_shops,
          nicolae_shop_temple_entry_statues_fountains, minmay_misc_feat_roman
D:12:     layout_loops_ring, orc_0_dummy, gauntlet_entry_generic, uniq_sonja,
          uniq_nessos
D:13:     layout_big_octagon, nemelex_spade_bored_becter
D:14:     layout_gridville, david_vaults_3, nrook_mini_backslash
D:15:     gammafunk_depths_entry_grave, layout_stronghold
Temple:   jpeg_temple_clearing
Lair:1:   layout_roguey, infiniplex_staircase_pool_2, grunt_megastairs_3
Lair:2:   layout_gridlike, nicolae_shoals_entry_roost,
          spider_nest_entry_funnel_web
Lair:3:   onia_ninara_swampy_vault, layout_gridlike, gammafunk_ghost_split,
          beast_lair_carwin_3, serial_bayou_shore_a
Lair:4:   layout_long_grid, nicolae_slime_entry_slimehenge, grunt_megastairs_5
Lair:5:   hangedman_lair_in_review, layout_long_grid, serial_rivers,
          chequers_serial_rivers_room_a, chequers_serial_rivers_micro_d,
          chequers_serial_rivers_micro_b, chequers_serial_rivers_micro_c,
          chequers_serial_rivers_micro_d, special_room
          [special_room_mythical_zoo], ebering_ghost_xom,
          infiniplex_staircase_pool, lemuel_fruit_fields
Orc:1:    layout_caves
Orc:2:    grunt_orc_cross, layout_caves, gammafunk_ghost_grave, uniq_donald,
          uniq_maurice

Skill      XL: |  1  2  3  4  5  6  7  8  9 10 11 12 13 14 15 |
---------------+----------------------------------------------+-----
Unarmed Combat | 4 5 6 8 10 12 14 16 17 18 19 20 | 20.3
Shapeshifting  | 4 5 6 7 8 10 11 12 | 12.9
Dodging        | 4 6 7 8 |  8.9
Stealth        | 4 6 |  6.2
Evocations     | 1 5 6 |  6.7
Fighting       | |  1.1

Action                     |  1- 3 |  4- 6 |  7- 9 | 10-12 | 13-15 || total
---------------------------+-------+-------+-------+-------+-------++-------
  Melee: Unarmed           |   108 |    73 |   298 |   448 |   866 ||  1793
         Tailslap          |    14 |    12 |    41 |    83 |   183 ||   333
         Punch             |     5 |     1 |     9 |       |       ||    15
 Invoke: Heavenly Storm    |       |       |       |       |     3 ||     3
Ability: Lunge             |       |     2 |    14 |    35 |    62 ||   113
         Breathe Lightning |       |       |     5 |     8 |     6 ||    19
         Whirlwind         |       |       |     6 |    19 |   118 ||   143
  Evoke: Wand              |       |     3 |       |     4 |       ||     7
    Use: Potion            |       |     1 |       |     7 |     5 ||    13
         Scroll            |       |       |    14 |    11 |     8 ||    33
   Stab: Sleeping          |     2 |     2 |       |     4 |    13 ||    21
         Distracted        |       |       |     1 |       |     7 ||     8
         Paralysed         |       |       |       |     5 |       ||     5
 Armour: Skin              |    40 |    22 |    39 |    51 |    70 ||   222
  Dodge: Dodged            |    52 |    33 |   170 |   213 |   624 ||  1092
  Block: Kite shield       |       |       |    30 |   141 |   317 ||   488

Table legend: (Time is in decaauts)
 A = Elapsed time spent in this place.
 B = Non-inter-level travel time spent in this place.
 C = Inter-level travel time spent in this place.
 D = Time resting spent in this place.
 E = Time spent auto-exploring this place.
 F = Levels seen in this place.
 G = Mean time per level.
                   A        B        C        D        E       F      G
               +--------+--------+--------+--------+--------+-----+--------+
         Total |  19376 |  18597 |    779 |   1553 |  11217 |  25 |  775.0 |
       Dungeon |  12084 |  11476 |    608 |    746 |   7819 |  15 |  805.6 |
        Temple |     33 |     17 |     16 |      0 |      0 |   1 |   33.0 |
          Lair |   5668 |   5515 |    153 |    716 |   2637 |   5 | 1133.6 |
  Orcish Mines |    416 |    416 |      0 |      0 |    284 |   2 |  208.0 |
         Sewer |    707 |    707 |      0 |     12 |    476 |   1 |  707.0 |
      Gauntlet |    465 |    465 |      0 |     79 |      0 |   1 |  465.0 |
               +--------+--------+--------+--------+--------+-----+--------+

Top non-repeatable levels by time:
  Lair:5: 1793 daAuts
  Lair:3: 1359 daAuts
     D:4: 1174 daAuts
     D:8: 1075 daAuts
  Lair:2: 1050 daAuts
    D:11: 1039 daAuts
     D:2: 1024 daAuts
    D:15: 949 daAuts
     D:1: 804 daAuts
  Lair:1: 766 daAuts
    D:10: 764 daAuts
     D:6: 748 daAuts
     D:9: 733 daAuts
   Sewer: 707 daAuts
  Lair:4: 698 daAuts
